 Dungeon Crawl Stone Soup version 0.23.0 (webtiles) character file.

Game seed: 11175578975687019679

5825 lyphon1 the Fighter (level 10, -3/94 HPs)
             Began as a Minotaur Fighter on Feb 19, 2019.
             Was a Believer of the Shining One.
             Slain by a two-headed ogre
             ... wielding a +0 giant club
              (7 damage)
             ... on level 9 of the Dungeon.
             The game lasted 00:18:24 (9394 turns).

lyphon1 the Fighter (Minotaur Fighter)              Turns: 9394, Time: 00:18:24

Health: -3/94      AC: 14    Str: 23    XL:     10   Next: 51%
Magic:  13/13      EV:  5    Int:  5    God:    the Shining One [**....]
Gold:   822        SH: 11    Dex: 11    Spells: 9/9 levels left

rFire    + . .     SeeInvis .   r - +0 morningstar
rCold    x . .     Gourm    .   c - +0 shield
rNeg     + . .     Faith    .   D - +0 plate armour (curse)
rPois    .         Spirit   .   (helmet restricted)
rElec    .         Reflect  .   E - +0 cloak
rCorr    .         Harm     .   (no gloves)
MR       .....                  (no boots)
Stlth    ..........             (no amulet)
HPRegen  0.25/turn              l - ring of fire
MPRegen  0.13/turn              (no ring)

@: glowing
A: retaliatory headbutt, horns 2
a: Divine Shield, Renounce Religion


You were on level 9 of the Dungeon.
You worshipped the Shining One.
The Shining One was pleased with you.
You were hungry.

You visited 2 branches of the dungeon, and saw 11 of its levels.

You collected 822 gold pieces.

Inventory:

Hand Weapons
 a - a +0 flail
 r - a +0 morningstar (weapon)
Armour
 b - a +0 scale mail
 c - a +0 shield (worn)
 D - a cursed +0 plate armour (worn)
 E - a +0 cloak (worn)
Jewellery
 l - a ring of fire (left hand)
 w - a cursed ring of attention
 x - an uncursed ring of see invisible
Wands
 q - a wand of flame (25)
 F - a wand of polymorph (5)
Scrolls
 d - 6 scrolls of identify
 i - a scroll of fog {unknown}
 j - 3 scrolls of immolation
 m - 9 scrolls of teleportation
 n - 7 scrolls of remove curse
 o - 2 scrolls of amnesia {unknown}
 p - 4 scrolls of enchant armour
 s - a scroll of blinking {unknown}
 t - 2 scrolls of enchant weapon {unknown}
 u - 4 scrolls of noise {unknown}
 y - a scroll of magic mapping {unknown}
 B - a scroll of vulnerability {unknown}
Potions
 e - a potion of magic {unknown}
 g - 3 potions of flight
 h - a potion of lignification {unknown}
 k - a potion of haste {unknown}
 v - a potion of brilliance {unknown}
 z - 2 potions of curing
 A - a potion of degeneration {unknown}
 C - 2 potions of mutation {unknown}
 H - a potion of heal wounds {unknown}
Comestibles
 f - 16 rations
 G - 3 chunks of flesh


   Skills:
 * Level 10.4 Fighting
 * Level 10.0 Maces & Flails
 + Level 7.8 Armour
 + Level 7.6 Shields
 * Level 5.7 Invocations
 + Level 3.5 Evocations


You had 9 spell levels left.
You didn't know any spells.
Your spell library was empty.

Dungeon Overview and Level Annotations

Branches:
Dungeon (10/15)            Temple (1/1) D:4             Orc (0/2) D:10
   Lair: D:8-11

Altars:
Ashenzari
Cheibriados
Dithmenos
Elyvilon
Fedhas
Gozag
Hepliaklqana
Kikubaaqudgha
Makhleb
Nemelex Xobeh
Okawaru
Qazlal
Ru
Sif Muna
Trog
Uskayaw
Vehumet
Wu Jian
Xom
Yredelemnul
Zin
The Shining One

Shops:
D:8 *?

Annotations:
D:3 1 runed translucent door


Innate Abilities, Weirdness & Mutations

You reflexively headbutt those who attack you in melee.
You have a pair of horns on your head.


Message History

The two-headed ogre hits you with a +0 giant spiked club!!
* * * LOW HITPOINT WARNING * * *
You see here 2 large rocks.
There is a stone staircase leading up here.
You block the two-headed ogre's attack. The two-headed ogre barely misses you.
You climb upwards.
There is a stone staircase leading down here.
The two-headed ogre hits you with a +0 giant club!!
The Shining One protects you from harm! You block the two-headed ogre's attack.
You see here a +0 giant club.
The two-headed ogre completely misses you.
You block the two-headed ogre's attack.
There is a stone staircase leading down here.
Your divine shield fades away.
There is a stone staircase leading up here.
The two-headed ogre hits you with a +0 giant club!
* * * LOW HITPOINT WARNING * * *
The two-headed ogre hits you with a +0 giant spiked club!
You die...

#.#..# #....# ##############.#..#
#[...#
#..............#..####....##
#.......########............
#####.......# #............
#..##.......########............
#..##.......##....##............
#..##.......##....##..####..(.##
#..##.......##.@..##..# #....#
##..##.......##.O..##).# #....#
...###.......##.....#..####....##
.#.#
###...........##..((รท.......
.#.# ##.##..##....##..(.(((.....
.#.####.....#......#########('###
.#.#.....##...#....# ##......##.
.#...##..###..#....####.>#######.
........###...#.........## #..


You could see a two-headed ogre.

Vanquished Creatures
  A hydra (D:8)
  A gargoyle (D:10)
  2 dream sheep (D:8)
  A hippogriff (D:5)
  A wyvern (D:9)
  2 yaks (D:8)
  A hungry ghost (D:8)
  2 sky beasts
  A phantom (D:8)
  2 black bears
  2 orc warriors
  2 ice beasts
  4 ogres (D:9)
  A centaur (D:7)
  4 big kobolds
  Blork the orc (D:5)
  2 bullfrogs (D:9)
  A scorpion (D:8)
  12 killer bees
  4 wights
  A howler monkey (D:4)
  A bullfrog zombie (D:7)
  2 crimson imps
  6 hounds
  A jelly (D:8)
  A centaur skeleton (D:8)
  4 orc priests
  A bullfrog skeleton (D:8)
  A human skeleton (D:3)
  3 iguanas
  Natasha (thrice) (D:2)
  5 orc wizards
  11 worker ants
  A worker ant zombie (D:5)
  A howler monkey zombie (D:8)
  4 gnolls
  3 adders
  An adder skeleton (D:6)
  An adder zombie (D:9)
  A worm (D:2)
  4 dart slugs
  6 leopard geckos
  18 orcs
  8 bats
  2 giant cockroaches
  6 goblins
  5 hobgoblins
  9 jackals
  5 quokkas
  A ball python (D:1)
  2 frilled lizards (D:2)
  A goblin skeleton (D:3)
  13 kobolds
  8 rats
187 creatures vanquished.

Notes
Turn   | Place    | Note
-------+----------+-------------------------------------------
     0 | D:1      | lyphon1 the Minotaur Fighter began the quest for the Orb.
     0 | D:1      | Reached XP level 1. HP: 19/19 MP: 0/0
    96 | D:1      | Reached XP level 2. HP: 26/27 MP: 1/1
   375 | D:2      | Reached XP level 3. HP: 33/33 MP: 2/2
   408 | D:2      | Found a shimmering altar of Xom.
   543 | D:2      | Noticed Natasha
   612 | D:2      | Killed Natasha
   612 | D:2      | Reached XP level 4. HP: 28/41 MP: 3/3
  1012 | D:2      | Noticed Natasha
  1021 | D:2      | Killed Natasha
  1021 | D:2      | Reached skill level 5 in Fighting
  1021 | D:2      | Reached XP level 5. HP: 28/48 MP: 4/4
  1166 | D:2      | Noticed Natasha
  1172 | D:2      | Killed Natasha
  1831 | D:3      | Found a runed translucent door.
  1831 | D:3      | Noticed a human
  1847 | D:3      | Found a basalt altar of Yredelemnul.
  1874 | D:3      | Reached XP level 6. HP: 50/57 MP: 5/5
  2027 | D:3      | Found a deep blue altar of Sif Muna.
  2244 | D:4      | Found a shadowy altar of Dithmenos.
  2280 | D:4      | Reached skill level 5 in Maces & Flails
  2714 | D:4      | Found a staircase to the Ecumenical Temple.
  2723 | Temple   | Entered the Ecumenical Temple
  2933 | Temple   | Became a worshipper of Elyvilon the Healer
  3217 | D:4      | Reached skill level 5 in Armour
  3277 | D:4      | Reached * piety under Elyvilon
  3627 | D:5      | Entered Level 5 of the Dungeon
  3704 | D:5      | Reached skill level 5 in Shields
  3869 | D:5      | Reached XP level 7. HP: 61/64 MP: 6/6
  3904 | D:5      | Noticed Blork the orc
  3912 | D:5      | Killed Blork the orc
  4078 | D:5      | Reached ** piety under Elyvilon
  4357 | D:6      | Noticed a hippogriff
  4374 | D:5      | Killed a hippogriff
  4719 | D:6      | Reached XP level 8. HP: 62/73 MP: 7/7
  5085 | D:6      | Found a sparkling altar of Nemelex Xobeh.
  5085 | D:6      | Found a stormy altar of Qazlal.
  5396 | D:6      | Reached skill level 1 in Invocations
  5617 | D:6      | Reached skill level 1 in Evocations
  5893 | D:7      | Reached *** piety under Elyvilon
  6372 | D:7      | Reached XP level 9. HP: 64/82 MP: 10/10
  6609 | D:7      | Found a hazy altar of Hepliaklqana.
  7267 | D:8      | Found Vedigiff's Mass Market.
  8029 | D:8      | Found an ancient bone altar of Kikubaaqudgha.
  8061 | D:8      | Found Hezij's Magic Scroll Emporium.
  8068 | D:8      | Reached **** piety under Elyvilon
  8287 | D:8      | Noticed a three-headed hydra
  8297 | D:8      | Killed a three-headed hydra
  8297 | D:8      | Reached skill level 10 in Fighting
  8297 | D:8      | Reached skill level 5 in Invocations
  8297 | D:8      | Reached XP level 10. HP: 55/93 MP: 12/12
  8700 | D:9      | Found an ornate altar of the Wu Jian Council.
  9119 | D:9      | Found a glowing golden altar of the Shining One.
  9123 | D:9      | Fell from the grace of Elyvilon
  9123 | D:9      | Became a worshipper of the Shining One
  9123 | D:9      | Reached * piety under the Shining One
  9123 | D:9      | Reached ** piety under the Shining One
  9305 | D:10     | Entered Level 10 of the Dungeon
  9307 | D:10     | Found a staircase to the Orcish Mines.
  9317 | D:10     | Noticed a gargoyle
  9326 | D:10     | Killed a gargoyle
  9326 | D:10     | Reached skill level 10 in Maces & Flails
  9326 | D:10     | Noticed a two-headed ogre
  9339 | D:10     | HP: 2/94 [two-headed ogre/+0 giant club (21)]
  9344 | D:9      | The Shining One protects you from harm!
  9394 | D:9      | HP: 4/94 [two-headed ogre/+0 giant club (12)]
  9394 | D:9      | Slain by a two-headed ogre

Skill      XL: |  1  2  3  4  5  6  7  8  9 10 |
---------------+-------------------------------+-----
Fighting       | 4 5 6 7 8 10 | 10.4
Maces & Flails | 3 4 5 6 8 9 10 | 10.0
Armour         | 4 5 6 7 |  7.8
Shields        | 4 5 6 7 |  7.6
Invocations    | 2 5 |  5.7
Evocations     | 1 3 |  3.5

Action                   |  1- 3 |  4- 6 |  7- 9 | 10-12 || total
-------------------------+-------+-------+-------+-------++-------
Melee: Flail             |    77 |    48 |       |       ||   125
       Headbutt          |    10 |    26 |    61 |    19 ||   116
       Morningstar       |       |   115 |   311 |    84 ||   510
Invok: Lesser Healing    |       |       |     1 |     1 ||     2
       Divine Shield     |       |       |       |     1 ||     1
  Use: Scroll            |       |     1 |     7 |       ||     8
       Potion            |       |       |     3 |       ||     3
  Eat: Chunk             |       |     9 |     5 |     3 ||    17
       Ration            |       |       |     5 |       ||     5
Armor: Scale mail        |    36 |    54 |    84 |       ||   174
       Plate armour      |       |       |   139 |    25 ||   164
Dodge: Dodged            |    32 |    38 |   112 |    17 ||   199
Block: Shield            |    41 |    72 |   278 |    51 ||   442
